 Dungeon Crawl Stone Soup version 0.28-b1-70-g80dc712255 (webtiles) character file.

Game seed: 8104917824713635766

1 Prodoman the Magician (level 1, 15/15 HPs)
             Began as a Djinni Hedge Wizard on Feb 4, 2022.
             Got out of the dungeon alive.
             The game lasted 00:00:13 (40 turns).

Prodoman the Magician (Djinni Hedge Wizard)           Turns: 40, Time: 00:00:14

Health: 15/15      AC:  2    Str:  9    XL:     1   Next: 22%
Gold:   0          EV: 12    Int: 15    God:
                   SH:  0    Dex: 12

rFire   + + .      SeeInvis .   a - +0 dagger
rCold   x . .      Faith    .   (no shield)
rNeg    . . .      Spirit   .   b - +0 robe
rPois   ∞          Reflect  .   c - +0 hat
rElec   .          Harm     .   (no cloak)
rCorr   .          Rampage  .   (no gloves)
Will    .....                   (boots unavailable)
Stlth   ++........              (no amulet)
HPRegen 0.05/turn               (no ring)
MPRegen 0.00/turn               (no ring)

@: flying
A: sickness immunity, fire resistance 2, cold vulnerability 1, float, innate
caster, HP casting, extra vitality 1
a: no special abilities


You escaped.
You visited 1 branch of the dungeon, and saw 1 of its levels.

Inventory:

Hand Weapons
 a - a +0 dagger (weapon)
Armour
 b - a +0 robe (worn)
 c - a +0 hat (worn)
Scrolls
 d - a scroll of identify {unknown}


   Skills:
 + Level 2.2 Dodging
 + Level 1.6 Stealth
 + Level 2.4 Spellcasting


You couldn't memorise any spells.
You knew the following spells:

 Your Spells              Type           Power      Damage    Failure   Level
a - Magic Dart            Conj           36%        1d4       8%          1
b - Blink                 Tloc           18%        N/A       12%         2
c - Call Imp              Summ           9%         N/A       12%         2
d - Slow                  Hex            36%        N/A       8%          1
e - Conjure Flame         Conj/Fire      9%         6-21      24%         3
f - Mephitic Cloud        Conj/Pois/Air  9%         N/A       24%         3
Your spell library was empty.

Dungeon Overview and Level Annotations

Branches:
Dungeon (1/15)

Altars:


Innate Abilities, Weirdness & Mutations

You are immune to sickness and miasma.
You are immune to poison.
Your flesh is very heat resistant. (rF++)
You are vulnerable to cold. (rC-)
You float through the air rather than walking.
You learn spells naturally, not from books.
Your magical power is your life essence.
You have superior vitality. (+4 MHP)


Message History

Welcome, Prodoman the Djinni Hedge Wizard.
Are you destined to find the magnificent Orb of Zot, or to die trying?
Press ? for a list of commands and other information.
Found a scroll labelled VAOLIO OFIAT.
Found two stairs.
You begin with the following spells memorised: Magic Dart, Blink, Call Imp, Slow, Conjure Flame, Mephitic Cloud.
A giant cockroach comes into view.
You see here a scroll labelled VAOLIO OFIAT.
d - a scroll labelled VAOLIO OFIAT You hit the giant cockroach.
The giant cockroach is moderately wounded.
The giant cockroach bites you.
You closely miss the giant cockroach.
The giant cockroach is moderately wounded.
The giant cockroach barely misses you.
You closely miss the giant cockroach.
The giant cockroach is moderately wounded.
The giant cockroach misses you. The giant cockroach bites you.
You hit the giant cockroach but do no damage.
The giant cockroach is moderately wounded.
The giant cockroach closely misses you.
You closely miss the giant cockroach.
The giant cockroach is moderately wounded.
The giant cockroach closely misses you.
You hit the giant cockroach.
You kill the giant cockroach!
You see here a giant cockroach corpse.
There is a stone staircase leading down here.
There is a stone staircase leading down here.
There is a staircase leading out of the dungeon here.
You can't go down here!
You can't go down here!
Are you sure you want to leave the Dungeon?
This will make you lose the game!
Uppercase [Y]es or [N]o only, please.
Are you sure you want to leave the Dungeon?
This will make you lose the game!
HP restored.
You have escaped!

#.. ## #.....
.### ##.....#
..#######
##.....#
#........
##.....#
#.#########.....#
#..†........8..#
#.........@...##
#...........>..#
###########.....#
##.....# ##.....#
##.....# #.....#
#..... #....


There were no monsters in sight!

Vanquished Creatures
  A giant cockroach (D:1)
1 creature vanquished.

Notes
Turn   | Place    | Note
-------+----------+-------------------------------------------
     0 | D:1      | Prodoman the Djinni Hedge Wizard began the quest for the
                  | Orb.
     0 | D:1      | Reached XP level 1. HP: 15/15 MP: 0/0
    40 | D:$      | Got out of the dungeon alive.

Illustrated notes

Levels and vault maps discovered:
D:1:      psy_arrival_spokes, layout_basic, shapermc_ecumenical_altar_gd,
          minmay_split_cup_large

Action                   || total
-------------------------++-------
Melee: Dagger            ||     6
Dodge: Dodged            ||     4
